 Dungeon Crawl Stone Soup version 0.13-a0-2995-g9a84c3d (webtiles) character file.

355 Gabry the Covered (level 6, -4/53 HPs)
             Began as a Minotaur Fighter on Sept 8, 2013.
             Was a Believer of Makhleb.
             Killed by divine providence
             ... invoked by an orc priest
              (11 damage)
             ... on Level 4 of the Dungeon.
             The game lasted 00:11:10 (2535 turns).

Gabry the Covered (Minotaur Fighter)                Turns: 2535, Time: 00:11:10

HP  -4/53        AC 10     Str 27      XL: 6   Next:  1%
MP   2/2         EV  8     Int  5      God: Makhleb [**....]
Gold 86          SH 20     Dex  6 (10) Spells:  0 memorised,  5 levels left

Res.Fire  : . . .   See Invis. : .   h - +0 mace
Res.Cold  : . . .   Warding    : .   v - +2 ring mail
Life Prot.: . . .   Conserve   : .   c - +0 shield
Res.Poison: .       Res.Corr.  : .   (helmet restricted)
Res.Elec. : .       Clarity    : .   q - +1 cloak
Sust.Abil.: . .     Spirit.Shd : .   (no gloves)
Res.Mut.  : .       Stasis     : .   (no boots)
Res.Rott. : .       Flight     : .   (no amulet)
Saprovore : . . .                    (no ring)
                                     (no ring)

@: mighty, drained, slightly resistant to hostile enchantments, extremely
unstealthy
A: retaliatory headbutt, horns 2
a: Minor Destruction, Renounce Religion


You were on level 4 of the Dungeon.
You worshipped Makhleb.
Makhleb was most pleased with you.
You were not hungry.

You visited 1 branch of the dungeon, and saw 4 of its levels.

You collected 66 gold pieces.

Inventory:

Hand weapons
 a - a +0,+0 mace
 e - a +0,+1 orcish dagger (quivered)
 g - a -2,+0 dagger
 h - a +0,+0 mace (weapon)
 x - a +2,+1 orcish whip of holy wrath
Armour
 c - a +0 shield (worn)
 q - a +1 cloak (worn)
 v - a +2 ring mail (worn)
Comestibles
 b - an apple
 d - 3 bread rations
 r - a choko
 s - 2 meat rations
Scrolls
 i - 2 scrolls of curse armour {unknown}
 m - 2 scrolls of identify {unknown}
 n - a scroll of teleportation {unknown}
 o - a scroll of remove curse {unknown}
 t - a scroll of noise {unknown}
 w - a scroll of magic mapping {unknown}
 y - a scroll of enchant weapon II


   Skills:
 + Level 4.2(4.0) Fighting
 * Level 4.2(4.0) Maces & Flails
 + Level 5.1(4.9) Armour
 + Level 2.3(2.1) Dodging
 + Level 0.3(0.1) Stealth
 + Level 5.0(4.8) Shields


You had 5 spell levels left.
You didn't know any spells.

Dungeon Overview and Level Annotations

Branches:
Dungeon (4/27)
 Temple: D:4-7

Altars:
Makhleb

Annotations:
D:2 Ijyb


Innate Abilities, Weirdness & Mutations

You reflexively headbutt those who attack you in melee.
You have a pair of horns on your head.


Message History

Makhleb accepts your kill.
You feel a little better.
You feel a little less clever now.
The orc priest utters an invocation to Beogh.
You feel troubled.
The orc priest mumbles some strange prayers to Beogh against you.
Something smites you!
* * * LOW HITPOINT WARNING * * *
Things that are here:
an orcish club; an orcish ring mail; an orcish dagger; an orcish ring mail The orc priest calls down the wrath of Beogh upon you.
You resist.
You barely miss the orc priest. Your headbutt misses the orc priest.
The orc priest hits you with an orcish dagger.
* * * LOW HITPOINT WARNING * * *
You sock the orc priest! Your headbutt misses the orc priest.
The orc priest is heavily wounded.
The orc priest calls down the wrath of Beogh upon you.
Something smites you!
You die...

# . # #### #. ## #. ...
##. .. ##. #.# ##.# #.
... ####.#####..####.
#.##.....#....(.....
####........#.##..#.#..
#....o@.#...#.##..#.#..
#.##....)..............
.....#.?#)..#.##.####.#
#.##.##....##.##).....#
# # #....#..##[######
#..≈≈#####)# #
#≈≈≈≈#.....# ####
#≈≈≈≈#....## #...
#≈≈≈≈#.... #.##


You could see an orc priest.

Vanquished Creatures
  An orc priest (D:4)
  Crazy Yiuf (D:2)
  A worker ant (D:4)
  3 gnolls (D:3)
  4 adders
  A giant mite (D:2)
  2 giant geckos (D:1)
  14 orcs
  3 ball pythons
  4 bats
  2 giant cockroaches (D:1)
  12 goblins
  9 hobgoblins
  2 quokkas (D:3)
  8 giant newts
  6 jackals
  11 kobolds
  An orc skeleton (D:3)
  11 rats
96 creatures vanquished.

Notes
Turn   | Place    | Note
--------------------------------------------------------------
     0 | D:1      | Gabry, the Minotaur Fighter, began the quest for the Orb.
     0 | D:1      | Reached XP level 1. HP: 19/19 MP: 0/0
    74 | D:1      | Reached skill level 4 in Shields
    74 | D:1      | Reached XP level 2. HP: 21/26 MP: 0/0
   307 | D:1      | Reached XP level 3. HP: 26/33 MP: 1/1
   736 | D:2      | Reached skill level 1 in Dodging
   996 | D:2      | Reached XP level 4. HP: 40/40 MP: 1/1
  1183 | D:2      | Noticed Ijyb
  1254 | D:2      | Noticed Crazy Yiuf
  1280 | D:2      | Killed Crazy Yiuf
  1632 | D:3      | Found a burning altar of Makhleb.
  1658 | D:3      | Became a worshipper of Makhleb the Destroyer
  1824 | D:3      | Reached XP level 5. HP: 41/46 MP: 1/1
  1965 | D:3      | Acquired Makhleb's first power
  2180 | D:3      | Noticed an ogre
  2259 | D:4      | Reached skill level 5 in Armour
  2488 | D:4      | Reached skill level 5 in Shields
  2496 | D:4      | Acquired Makhleb's second power
  2528 | D:4      | Reached XP level 6. HP: 21/53 MP: 2/2
  2535 | D:4      | Killed from afar by an orc priest

Action                   |  1- 3 |  4- 6 || total
-------------------------+-------+-------++-------
Melee: Mace              |   106 |   133 ||   239
       Dagger            |     7 |       ||     7
  Use: Scroll            |     1 |       ||     1
       Potion            |       |     6 ||     6
